 Dungeon Crawl Stone Soup version 0.31.0-12-g77e489cdc1 (webtiles) character file.

Game seed: 1986030247480676584

2713 Gadfly the Covered (level 9, -2/70 (73) HPs)
             Began as an Armataur Fighter on Mar 1, 2024.
             Was a Follower of the Shining One.
             Slain by a wight
             ... wielding a +3 great sword of freezing
              (8 damage)
             ... on level 7 of the Dungeon.
             The game lasted 00:10:39 (6639 turns).

Gadfly the Covered (Armataur Fighter)               Turns: 6639, Time: 00:10:39

HP:   -2/70 (73)    AC: 12    Str: 24    XL:     9   Next: 39%
MP:   13/13         EV:  4    Int:  8    God:    the Shining One [*.....]
Gold: 1             SH:  5    Dex: 12    Spells: 5/8 levels left

rFire   . . .        b - +1 flail (heavy)
rCold   . . .        c - +0 buckler
rNeg    + . .        r - +0 plate armour
rPois   .            k - +0 helmet
rElec   .            (no cloak)
rCorr   .            (no gloves)
SInv    .            (no barding)
Will    .....        f - amulet of faith Stlth
                     j - ring of positive energy
HPRegen 0.31/turn    (no ring)
MPRegen 0.13/turn

%: roll, faith
@: glowing, lightly drained
A: large, deformed body, tough skin 3, armoured tail, roll 2
a: Renounce Religion, Divine Shield


You were on level 7 of the Dungeon.
You worshipped the Shining One.
The Shining One was aware of your devotion.
You visited 2 branches of the dungeon, and saw 8 of its levels.

You collected 305 gold pieces.
You spent 295 gold pieces at shops.
You donated 9 gold pieces to Zin.

Inventory:

Hand Weapons
 a - a +1 heavy flail
 b - a +1 heavy flail (weapon)
Armour
 c - a +0 buckler (worn)
 k - a +0 helmet (worn)
 r - a +0 plate armour (worn)
Jewellery
 f - an amulet of faith (around neck)
 g - a ring of fire
 j - a ring of positive energy (left hand)
 m - a +4 ring of protection
Wands
 o - a wand of paralysis (5) (quivered)
 s - a wand of digging (6)
Scrolls
 e - 2 scrolls of poison
 n - 3 scrolls of amnesia
 q - 3 scrolls of teleportation
 t - a scroll of fear
Potions
 d - 2 potions of might
 h - 2 potions of enlightenment
 i - a potion of berserk rage
 l - a potion of cancellation
 p - 2 potions of lignification
 u - a potion of heal wounds
 v - 2 potions of attraction
 w - a potion of curing


   Skills:
 + Level 4.8 Fighting
 * Level 5.7 Maces & Flails
 + Level 6.3 Armour
 + Level 5.7 Shields
 * Level 5.8 Invocations
 * Level 5.9 Evocations


You had 5 spell levels left.
You knew the following spells:

 Your Spells              Type           Power      Damage    Failure   Level
a - Swiftness             Air            0%         N/A       100%        3

Your spell library contained the following spells:

 Spells                   Type           Power      Damage    Failure   Level
 Ensorcelled Hibernation  Hex/Ice        0%         N/A       100%        2
 Jinxbite                 Hex            0%         N/A       100%        2
 Fugue of the Fallen      Necr           0%         N/A       100%        3
 Ozocubu's Armour         Ice            0%         N/A       100%        3
 Passwall                 Erth           0%         N/A       100%        3
 Manifold Assault         Tloc           0%         N/A       100%        4
 Yara's Violent Unravell  Hex/Alch       0%         3d3       100%        5
 Enfeeble                 Hex            0%         N/A       100%        7


Dungeon Overview and Level Annotations

Branches:
Dungeon (7/15)             Temple (1/1) D:5

Altars:
Ashenzari
Cheibriados
Dithmenos
Elyvilon
Fedhas
Gozag
Hepliaklqana
Kikubaaqudgha
Makhleb
Nemelex Xobeh
Okawaru
Qazlal
Ru
Sif Muna
Trog
Uskayaw
Wu Jian
Xom
Yredelemnul
Zin
The Shining One

Shops:
D:3 :![!*


Innate Abilities, Weirdness & Mutations

Armour fits poorly on your strangely shaped body.
You have extremely tough skin. (AC +3)
You have a long armoured tail.
You regenerate magic and health when rolling toward enemies. (Rampage Regen)


Message History

No target in view!
There is an open door here.
There is a stone staircase leading down here.
You climb downwards.
The orc shouts!
Found a stone staircase leading down.
There is a stone staircase leading up here.
There are monsters nearby!
There are monsters nearby!
There are monsters nearby!
You roll towards the wight!
You thump the wight!
You destroy the wight!
The Shining One accepts your kill.
You thump the wight!
Your tail-slap misses the wight.
The wight is severely damaged.
The wight barely misses you.
The wight hits you with a +3 great sword of freezing!
The wight freezes you.
The wight hits you with a +3 great sword of freezing!
The wight freezes you. You block the wight's attack.
You barely miss the wight.
The wight is severely damaged.
The wight hits you with a +0 great sword.
The wight hits you with a +3 great sword of freezing!
The wight freezes you. The wight hits you but does no damage.
An orc comes into view. It is wielding a +0 mace.
The wight hits you with a +0 great sword.
You partially resist.
You feel drained.
You are too injured to fight recklessly!
You are too injured to fight recklessly!
The orc shouts!
An orc comes into view. It is wielding a +0 hand axe.
An orc comes into view. It is wielding a +0 dagger of draining.
The wight attacks as it pursues you!
The wight hits you with a +3 great sword of freezing!!
* * * LOW HITPOINT WARNING * * *
You partially resist.
You feel drained.
* * * LOW HITPOINT WARNING * * *
The wight freezes you!
You die...

#... ... #..
#..# ... #..#
##..# ..#
#..##...# ..###
##.......##....#
.........#......
............#
#......z@o.##
#......z....#
......).....>o#
.........####..o
...###.### #o ##
#. ##


You could see 2 wights and 4 orcs.

Vanquished Creatures
  The ghost of Charlie33ad the Cleaver, a novice HOBe of Trog (D:6)
  The ghost of Charlie33ad the Chopper, an amateur HOCK of Xom (D:4)
  Duvessa (D:5)
  2 sky beasts (D:6)
  A black bear (D:5)
  4 ice beasts
  3 ogres
  A phantom (D:6)
  A bullfrog (D:6)
  2 scorpions
  A wight (D:7)
  Dowan (D:5)
  A howler monkey (D:4)
  A bombardier beetle (D:5)
  6 hounds
  3 jellies (D:5)
  5 iguanas
  Ijyb (D:3)
  Robin (D:2)
  5 adders
  4 white imps (D:6)
  2 howler monkey simulacra (D:6)
  3 dart slugs
  6 orcs
  3 bats
  6 endoplasms
  3 giant cockroaches
  8 hobgoblins
  7 jackals
  5 kobolds
  4 quokkas
  8 ball pythons
  4 frilled lizards
  11 goblins
  6 rats
122 creatures vanquished.

Notes
Turn   | Place    | Note
-------+----------+-------------------------------------------
     0 | D:1      | Gadfly the Armataur Fighter began the quest for the Orb.
     0 | D:1      | Reached XP level 1. HP: 18/18 MP: 1/1
    78 | D:1      | Reached XP level 2. HP: 19/25 MP: 2/2
   325 | D:1      | Reached skill level 1 in Evocations
   413 | D:1      | Reached skill level 1 in Invocations
   545 | D:2      | Reached XP level 3. HP: 30/30 MP: 3/3
  1161 | D:2      | Noticed Robin
  1170 | D:2      | Reached skill level 4 in Armour
  1195 | D:2      | Killed Robin
  1196 | D:2      | Reached XP level 4. HP: 17/38 MP: 3/5
  1413 | D:2      | Learned a level 3 spell: Swiftness
  1477 | D:3      | Found Vorad's Distillery.
  1477 | D:3      | Found Mythiow's Assorted Antiques.
  1497 | D:3      | Bought a potion of curing for 42 gold pieces
  1519 | D:3      | Found Qemeob Polo's Armour Shop.
  1539 | D:3      | Found a faded altar of an unknown god.
  1583 | D:3      | Bought a fizzy coppery potion for 21 gold pieces
  1583 | D:3      | Bought a scroll labelled YMAS LYL NULOU for 24 gold pieces
  1690 | D:3      | Found Viutusit's Book Shoppe.
  1753 | D:3      | Noticed Ijyb
  1755 | D:3      | Paralysed by Ijyb for 2 turns
  1760 | D:3      | Paralysed by Ijyb for 3 turns
  1763 | D:3      | Killed Ijyb
  1797 | D:3      | Found Vanuseol's Distillery.
  1803 | D:3      | Bought a potion of lignification for 36 gold pieces
  1879 | D:3      | Reached XP level 5. HP: 24/45 MP: 6/6
  2505 | D:4      | Reached XP level 6. HP: 44/51 MP: 7/7
  2530 | D:4      | Found a shimmering blue altar of Sif Muna.
  2532 | D:4      | Found a stormy altar of Qazlal.
  2534 | D:4      | Found a sacrificial altar of Ru.
  2677 | D:4      | Found a glowing silver altar of Zin.
  2677 | D:4      | Found an opulent altar of Gozag.
  2757 | D:4      | Became a worshipper of Zin the Law-Giver
  2769 | D:4      | Found a runed translucent door.
  2769 | D:4      | Noticed Charlie33ad's ghost (amateur HOCK)
  3168 | D:5      | Entered Level 5 of the Dungeon
  3355 | D:5      | Gained mutation: You regenerate magic and health when
                  | rolling toward enemies. (Rampage Regen) [Armataur growth]
  3355 | D:5      | Reached XP level 7. HP: 20/57 MP: 9/9
  3500 | D:5      | HP: 2/57 [iguana (9)]
  3670 | D:5      | Reached * piety under Zin
  4060 | D:5      | Found a staircase to the Ecumenical Temple.
  4078 | D:5      | Noticed Duvessa
  4078 | D:5      | Noticed Dowan
  4085 | D:5      | Killed Duvessa
  4091 | D:5      | Killed Dowan
  4092 | D:5      | Reached skill level 5 in Armour
  4148 | Temple   | Entered the Ecumenical Temple
  4163 | Temple   | Fell from the grace of Zin
  4163 | Temple   | Became a worshipper of Elyvilon the Healer
  4331 | D:5      | Reached XP level 8. HP: 62/66 MP: 10/10
  4616 | D:3      | Bought a potion of berserk rage for 60 gold pieces
  4674 | D:4      | Killed Charlie33ad's ghost
  4869 | D:6      | Found a runed translucent gate.
  4869 | D:6      | Found a runed translucent gate.
  4869 | D:6      | Found a runed translucent gate.
  4898 | D:6      | Reached * piety under Elyvilon
  4970 | D:6      | Found an ornate altar of the Wu Jian Council.
  5087 | D:6      | Reached skill level 5 in Shields
  5373 | D:6      | Reached ** piety under Elyvilon
  5399 | D:6      | Reached skill level 5 in Evocations
  5475 | D:6      | Reached skill level 5 in Maces & Flails
  5567 | D:6      | HP: 2/66 [ogre/+0 giant club (18)]
  5571 | D:6      | Reached skill level 5 in Invocations
  5897 | D:6      | Found a glowing golden altar of the Shining One.
  5990 | D:6      | Fell from the grace of Elyvilon
  5990 | D:6      | Became a worshipper of the Shining One
  5995 | D:6      | Found a hazy altar of Hepliaklqana.
  6031 | D:6      | Reached * piety under the Shining One
  6032 | D:6      | Noticed Charlie33ad's ghost (novice HOBe)
  6123 | D:6      | Killed Charlie33ad's ghost
  6124 | D:6      | Reached skill level 6 in Armour
  6124 | D:6      | Reached XP level 9. HP: 37/72 MP: 11/13
  6138 | D:6      | HP: 3/108 [ice beast (10)]
  6577 | D:3      | Bought a potion of heal wounds for 70 gold pieces
  6577 | D:3      | Bought a potion of curing for 42 gold pieces
  6639 | D:7      | Slain by a wight

Illustrated notes

Levels and vault maps discovered:
D:1:      heliophobic_arrival_glass_houses, layout_rooms
D:2:      layout_loops_cross, uniq_robin
D:3:      layout_basic, shapermc_ecumenical_altar_notcrosses, serial_shops,
          shop, shop, nicolae_shop_window_shopping, nicolae_shop_tiny_glass,
          nicolae_shop_competitors_out_of_business,
          minmay_misc_feat_more_columns, chequers_serial_rivers_large_a,
          uniq_ijyb
D:4:      layout_basic, grunt_temple_overflow_gold_and_silver,
          gammafunk_temple_overflow_forgotten, hellmonk_ghost_happy_afterlife
D:5:      layout_basic, minmay_temple_entry_hall, uniq_duvessa
D:6:      layout_loops_corners, mainiacjoe_overflow_alcove_2,
          jmf_multi_god_temple2, gammafunk_ghost_icy, serial_rivers,
          chequers_serial_rivers_micro_b, chequers_serial_rivers_micro_e,
          chequers_serial_rivers_micro_d, chequers_serial_rivers_micro_a,
          chequers_serial_rivers_micro_e, chequers_serial_rivers_micro_b
D:7:      layout_layer_cave, uniq_jeremiah
Temple:   nicolae_temple_god_jail

Skill      XL: |  1  2  3  4  5  6  7  8 |
---------------+-------------------------+-----
Maces & Flails | 2 3 4 5 |  5.7
Evocations     | 1 2 3 4 5 |  5.9
Invocations    | 1 2 3 5 |  5.8
Armour         | 4 5 6 |  6.3
Fighting       | 3 4 |  4.8
Shields        | 4 5 |  5.7

Action                     |  1- 3 |  4- 6 |  7- 9 || total
---------------------------+-------+-------+-------++-------
  Melee: Flail             |   123 |   107 |   162 ||   392
         Tailslap          |    10 |     8 |    18 ||    36
  Evoke: Wand              |       |       |     2 ||     2
    Use: Scroll            |     5 |     4 |     5 ||    14
         Potion            |       |     4 |     4 ||     8
   Stab: Invisible         |       |     2 |       ||     2
         Paralysed         |       |       |     1 ||     1
 Armour: Scale mail        |    90 |       |       ||    90
         Chain mail        |    73 |    90 |    17 ||   180
         Plate armour      |       |       |   176 ||   176
         Skin              |       |       |    20 ||    20
  Dodge: Dodged            |    62 |    27 |    40 ||   129
  Block: Buckler           |    32 |    26 |    38 ||    96
